 Dungeon Crawl Stone Soup version 0.31-a0-246-g8cbcc1cb85 (webtiles) character file.

Game seed: 46088907316328851

14 gruber the Changeling (level 2, 0/22 HPs)
             Began as a Merfolk Shapeshifter on July 12, 2023.
             Succumbed to a goblin's poison
             ... on level 1 of the Dungeon.
             The game lasted 00:00:50 (909 turns).

gruber the Changeling (Merfolk Shapeshifter)         Turns: 909, Time: 00:00:50

Health: 0/22       AC:  2    Str: 15    XL:     2   Next: 41%
Magic:  2/2        EV: 12    Int:  7    God:
Gold:   46         SH:  0    Dex: 14    Spells: 1/1 levels left

rFire   . .          .
                       - Unarmed
rCold   . . .        (no shield)
rNeg    . . .        a - +0 animal skin
rPois   .            (helmet currently unavailable)
rElec   .            (cloak currently unavailable)
rCorr   .            (gloves currently unavailable)
SInv    .            (boots currently unavailable)
Will    .....        (no amulet)
Stlth   +            (no ring)
HPRegen 0.23/turn    (no ring)
MPRegen 0.08/turn

%: no passive effects
@: lethally poisoned (0 -> -18), beast-form
A: beast (slay +2), (nimble swimmer 2), mertail
a: no special abilities


You were on level 1 of the Dungeon.
You were a hulking beast.
You visited 1 branch of the dungeon, and saw 2 of its levels.

You collected 46 gold pieces.

Inventory:

Missiles
 i - 3 poisoned darts
Armour
 a - a +0 animal skin (worn)
Talismans
 c - a beast talisman
Scrolls
 d - 2 scrolls of poison {unknown}
 f - a scroll of blinking {unknown}
 g - a scroll of immolation {unknown}
Potions
 b - a potion of lignification
 e - 2 potions of haste {unknown}
 h - a potion of curing {unknown}


   Skills:
 - Level 2.1 Fighting
 - Level 2.6 Dodging
 + Level 3.3 Unarmed Combat
 - Level 4.0 Shapeshifting


You had one spell level left.
You didn't know any spells.
Your spell library was empty.

Dungeon Overview and Level Annotations

Branches:
Dungeon (2/15)

Altars:

Annotations:
D:1 Robin


Innate Abilities, Weirdness & Mutations

You are a hulking beast.
Your limbs bulge with bestial killing power. (Slay +2)
((You are very nimble when in or above water. (Stealth+, EV+, Speed+++)))
Your lower body shifts to a powerful aquatic tail in water.


Message History

There is an open gate here.
You open the door.
There is an open door here.
There is a stone staircase leading down here.
You climb downwards.
The goblin shouts! x9
The endoplasm quivers.
The hobgoblin shouts!
Found a glowing lead wand and 9 gold pieces.
There is a stone staircase leading up here.
There are monsters nearby!
Unknown command.
Unknown command.
The goblin barely misses you. The goblin closely misses you. x2
The goblin barely misses you.
Robin roars a battlecry!
The goblins go into a battle-frenzy!
You climb upwards.
There is a stone staircase leading down here.
Unknown command.
Unknown command.
The goblin attacks as you move away! The goblin closely misses you.
Robin attacks as you move away! Robin hits you with a +0 whip.
The goblin hits you with a +0 club. The goblin attacks as you move away!
The goblin barely misses you. The goblin hits you with a +0 dagger.
Robin throws the goblin at you! The goblin barely misses you.
The goblin hits you but does no damage. The goblin attacks as you move away!
The goblin barely misses you. The goblin attacks as you move away!
The goblin hits you but does no damage.
You are lethally poisoned!
You feel very sick. The goblin attacks as you move away!
The goblin barely misses you.
* * * LOW HITPOINT WARNING * * *
You feel sick. The goblin attacks as you move away!
The goblin hits you with a +0 dagger of venom.
* * * LOW HITPOINT WARNING * * *
You are more poisoned.
You die...

≈≈#≈≈≈≈≈≈##'''##≈§§§≈≈#≈≈≈≈§≈.#..
≈≈#≈≈≈≈###...PP###§≈≈≈#≈≈≈#≈≈≈#..
≈≈#≈≈≈##P....P.P.##≈§≈#§§≈#≈≈§#..
≈≈#≈≈≈#.........P.#≈≈≈#§§§#§§§##.
≈≈#≈≈≈#....P8....P#≈≈≈#≈§§#§≈≈#..
≈≈#≈≈≈#...P....P..#≈≈≈#≈≈§#≈§≈#..
..#...##P.PP.....##...#...#...##.
..#...##+#..PPP#'##...#...#...#..
..#...##.###'###h##...#...#...###
..#...#...#...#...#...#...#...#
..#...#...#.>g#g..#...#.......###
..#...#...#..g#gg.#...#......##.#
..........#...#g...........###..#
##..........g.g........#####....#
######.....<.....###### #..#...
############# #.....# #..#
#.....############.##


You could see Robin and 4 goblins.

Vanquished Creatures
  A dart slug (D:1)
  An endoplasm (D:1)
  A goblin (D:1)
  2 hobgoblins (D:1)
  3 bats (D:1)
  2 frilled lizards (D:1)
  A rat (D:1)
11 creatures vanquished.

Notes
Turn   | Place    | Note
-------+----------+-------------------------------------------
     0 | D:1      | gruber the Merfolk Shapeshifter began the quest for the
                  | Orb.
     0 | D:1      | Reached XP level 1. HP: 16/16 MP: 1/1
   197 | D:1      | Reached XP level 2. HP: 17/22 MP: 2/2
   899 | D:2      | Noticed Robin
   909 | D:1      | Succumbed to a goblin's poison

Illustrated notes

Levels and vault maps discovered:
D:1:      dpeg_arrival_water_fire, layout_loops_ring
D:2:      layout_loops_cross, ebering_ecumenical_altar_hall, uniq_robin

Skill      XL: |  1 |
---------------+----+-----
Unarmed Combat | 3 |  3.3
Fighting       | |  2.1
Dodging        | |  2.6
Shapeshifting  | |  4.0

Action                     || total
---------------------------++-------
  Melee: Unarmed           ||    25
 Armour: Animal skin       ||     5
  Dodge: Dodged            ||    20

Table legend: (Time is in decaauts)
 A = Elapsed time spent in this place.
 B = Non-inter-level travel time spent in this place.
 C = Inter-level travel time spent in this place.
 D = Time resting spent in this place.
 E = Time spent auto-exploring this place.
 F = Levels seen in this place.
 G = Mean time per level.
                   A        B        C        D        E       F      G
               +--------+--------+--------+--------+--------+-----+--------+
         Total |    896 |    783 |    113 |      0 |    706 |   2 |  448.0 |
       Dungeon |    896 |    783 |    113 |      0 |    706 |   2 |  448.0 |
               +--------+--------+--------+--------+--------+-----+--------+

Top non-repeatable levels by time:
     D:1: 894 daAuts
     D:2: 1 daAuts
